 Dungeon Crawl Stone Soup version 0.29-a0-322-g68df515428 (webtiles) character file.

Game seed: 16343014345901772898

119 Hubjo the Grasshopper (level 4, -4/26 HPs)
             Began as a Deep Elf Wanderer on Apr 7, 2022.
             Was a Believer of Sif Muna.
             Slain by Crazy Yiuf
             ... wielding a +3 quarterstaff of chaos
              (10 damage)
             ... on level 2 of the Dungeon.
             The game lasted 00:05:17 (5077 turns).

Hubjo the Grasshopper (Deep Elf Wanderer)           Turns: 5077, Time: 00:05:17

Health: -4/26      AC:  3    Str: 10    XL:     4   Next: 74%
Magic:  11/11      EV: 12    Int: 17    God:    Sif Muna [**....]
Gold:   131        SH:  0    Dex: 15    Spells: 9/10 levels left

rFire   . . .      SeeInvis .   j - +0 dagger (speed)
rCold   . . .      Faith    .   (no shield)
rNeg    . . .      Spirit   .   d - +1 robe
rPois   .          Reflect  .   (no helmet)
rElec   .          Harm     .   (no cloak)
rCorr   .          Rampage  .   (no gloves)
Will    .....                   (no boots)
Stlth   ++........              (no amulet)
HPRegen 0.08/turn               (no ring)
MPRegen 0.12/turn               (no ring)

@: flying
A: no striking features
a: Renounce Religion, Channel Magic


You were on level 2 of the Dungeon.
You worshipped Sif Muna.
Sif Muna was pleased with you.
You visited 1 branch of the dungeon, and saw 3 of its levels.

You collected 131 gold pieces.

Inventory:

Hand Weapons
 a - a +0 dagger
 j - a +0 dagger of speed (weapon)
Armour
 d - a +1 robe (worn)
 q - a +0 pair of boots
Magical Staves
 p - a staff of earth
Wands
 b - a wand of polymorph (3)
 g - a wand of paralysis (4)
 s - a wand of mindburst (10)
Scrolls
 c - a scroll of summoning
 f - a scroll of identify
 h - a scroll of enchant armour
 i - 2 scrolls of blinking
 l - a scroll of immolation
 m - a scroll of fog {unknown}
 n - a scroll of holy word {unknown}
Potions
 e - a potion of brilliance {unknown}
 k - a potion of flight
 o - 2 potions of haste {unknown}
 r - a potion of lignification {unknown}


   Skills:
 * Level 1.7 Fighting
 + Level 2.1 Dodging
 * Level 3.2 Stealth
 - Level 1.0 Unarmed Combat
 + Level 3.8 Spellcasting
 - Level 5.4 Translocations
 + Level 1.9 Evocations


You had 9 spell levels left.
You knew the following spells:

 Your Spells              Type           Power      Damage    Failure   Level
a - Apportation           Tloc           42%        N/A       1%          1

Your spell library contained the following spells:

 Spells                   Type           Power      Damage    Failure   Level
 Teleport Other           Tloc           21%        N/A       4%          3
 Iskenderun's Mystic Bla  Conj/Tloc      12%        2d5       45%         4


Dungeon Overview and Level Annotations

Branches:
Dungeon (3/15)

Altars:
Sif Muna

Annotations:
D:2 Crazy Yiuf


Message History

A goblin is nearby!
A goblin is nearby!
A goblin is nearby!
A goblin is nearby!
You climb upwards.
Level annotation: 1 runed translucent door, Crazy Yiuf
There is a stone staircase leading down here.
You hit the fungus.
The fungus begins to die.
The fungus is lightly damaged.
A nearby fungus withers and dies.
You open the door.
Crazy Yiuf shouts!
Crazy Yiuf screams, "Mugger bush bush!"
There is an open translucent door here.
You hit Crazy Yiuf.
Crazy Yiuf is lightly wounded.
You barely miss Crazy Yiuf.
Crazy Yiuf is lightly wounded.
Crazy Yiuf closely misses you.
You barely miss Crazy Yiuf.
Crazy Yiuf is lightly wounded.
Crazy Yiuf hits you with a +3 quarterstaff of chaos!
You resist with some effort.
You hit Crazy Yiuf but do no damage.
Crazy Yiuf is lightly wounded.
You hit Crazy Yiuf.
Crazy Yiuf is moderately wounded.
Crazy Yiuf hits you with a +3 quarterstaff of chaos.
Crazy Yiuf burns you.
You closely miss Crazy Yiuf.
Crazy Yiuf is moderately wounded.
Crazy Yiuf hits you with a +3 quarterstaff of chaos!
* * * LOW HITPOINT WARNING * * *
You hit Crazy Yiuf but do no damage.
Crazy Yiuf is moderately wounded.
It was a potion of flight.
You feel very buoyant.
You fly up into the air.
Crazy Yiuf hits you with a +3 quarterstaff of chaos!
You die...

...÷(..#####......##.......>.####
.......#...##.....##.........#
.......#......#...##.........####
.......################..........
.......# #........## .......#
#......#... .......##♣♣ ####
#......#### .#####....♣♣ ♣♣#..)#
#.####..### .# #......♣♣♣♣.@g..#
#.## ##.##. .####.......♣..♣#...#
#..# #..#. ...........♣.♣♣♣ ####
#..# ##... .......##♣♣♣♣♣ #..#
#...# .......# #..# #..##
.......#### ###############..#
.....####.# #......#####.....##
....##...#########.....#.........
..#......#.......#.......#.......


You could see Crazy Yiuf.

Vanquished Creatures
  Jessica (D:3)
  Robin (D:2)
  3 adders (D:2)
  A worm (D:2)
  2 ball pythons
  4 bats
  2 giant cockroaches (D:2)
  13 goblins
  6 hobgoblins
  5 quokkas
  2 frilled lizards (D:1)
  5 kobolds
  2 rats
47 creatures vanquished.

Vanquished Creatures (others)
  A fungus (D:2)
  A plant (D:2)
2 creatures vanquished.

Grand Total: 49 creatures vanquished

Notes
Turn   | Place    | Note
-------+----------+-------------------------------------------
     0 | D:1      | Hubjo the Deep Elf Wanderer began the quest for the Orb.
     0 | D:1      | Hubjo set off with the following items: a +0 dagger, a wand
                  | of polymorph (3), a scroll of summoning, a +0 robe, a
                  | potion of curing; and the following spell memorised:
                  | Apportation; and the following spells available to
                  | memorise: Teleport Other, Iskenderun's Mystic Blast
     0 | D:1      | Reached XP level 1. HP: 10/10 MP: 6/6
   272 | D:1      | Found a faded altar of an unknown god.
   286 | D:1      | Prayed at the altar of an unknown god.
   286 | D:1      | Became a worshipper of Sif Muna the Loreminder
   286 | D:1      | Reached * piety under Sif Muna
   366 | D:1      | Reached skill level 1 in Stealth
   391 | D:1      | Reached XP level 2. HP: 16/16 MP: 8/8
   879 | D:2      | Noticed Robin
   903 | D:1      | Reached skill level 1 in Fighting
  1542 | D:1      | Reached XP level 3. HP: 14/20 MP: 9/9
  1747 | D:2      | Killed Robin
  2633 | D:2      | Reached XP level 4. HP: 8/25 MP: 11/11
  3279 | D:2      | Reached ** piety under Sif Muna
  3390 | D:2      | You fall into a shaft and drop 1 floor!
  3555 | D:2      | Found a runed translucent door.
  3556 | D:2      | Noticed Crazy Yiuf
  3761 | D:3      | Noticed Jessica
  3774 | D:3      | Killed Jessica
  5077 | D:2      | Slain by Crazy Yiuf

Illustrated notes

Levels and vault maps discovered:
D:1:      saegor_arrival_simple_e, layout_rooms,
          ebering_ecumenical_altar_abandoned, kennysheep_another_room,
          kennysheep_doodads, due_unseen_surprise
D:2:      layout_rooms, minmay_crystal_room, guppyfry_early_lair_pool,
          uniq_crazy_yiuf_cottage, uniq_robin
D:3:      layout_basic, uniq_jessica

Skill      XL: |  1  2  3  4 |
---------------+-------------+-----
Stealth        | 1 2 3 |  3.2
Fighting       | 1 |  1.7
Dodging        | 2 |  2.1
Unarmed Combat | |  1.0
Spellcasting   | |  3.8
Translocations | |  5.4
Evocations     | |  1.9

Action                   |  1- 3 |  4- 6 || total
-------------------------+-------+-------++-------
Melee: Dagger            |   200 |    82 ||   282
       Punch             |     3 |       ||     3
  Use: Scroll            |     5 |       ||     5
       Potion            |       |     2 ||     2
 Stab: Sleeping          |     1 |     3 ||     4
Armor: Robe              |    49 |    13 ||    62
Dodge: Dodged            |   122 |    34 ||   156

Table legend: (Time is in decaauts)
 A = Elapsed time spent in this place.
 B = Non-inter-level travel time spent in this place.
 C = Inter-level travel time spent in this place.
 D = Time resting spent in this place.
 E = Time spent auto-exploring this place.
 F = Levels seen in this place.
 G = Mean time per level.
                   A        B        C        D        E       F      G
               +--------+--------+--------+--------+--------+-----+--------+
         Total |   4994 |   4901 |     93 |   1957 |   2331 |   3 | 1664.7 |
       Dungeon |   4994 |   4901 |     93 |   1957 |   2331 |   3 | 1664.7 |
               +--------+--------+--------+--------+--------+-----+--------+

Top non-repeatable levels by time:
     D:2: 2073 daAuts
     D:1: 1662 daAuts
     D:3: 1258 daAuts
